 Dungeon Sprint DCSS version 0.17-a0-1840-g87820a2 (webtiles) character file.

2884 nuthulu the Fighter (level 9, -3/66 HPs)
             Began as a Gargoyle Fighter on Sept 16, 2015.
             Was a Believer of Okawaru.
             Slain by a komodo dragon (22 damage)
             ... in the Dungeon (Sprint III: "The Ten Rune Challenge").
             The game lasted 00:04:27 (1878 turns).

nuthulu the Fighter (Gargoyle Fighter)              Turns: 1878, Time: 00:04:28

Health: -3/66      AC: 16    Str: 20    XL:     9   Next: 76%
Magic:  8/9        EV: 12    Int:  9    God:    Okawaru [**....]
Gold:   21         SH: 15    Dex: 12    Spells: 0 memorised, 8 levels left

rFire  . . .     SeeInvis .     a - +0 flail
rCold  . . .     Clarity  .     b - +0 scale mail
rNeg   + . .     SustAt   .     c - +1 shield
rPois  ∞         Gourm    .     (no helmet)
rElec  +         Spirit   .     (no cloak)
rCorr  .         Warding  .     (no gloves)
rMut   .         NoTele   +     (no boots)
MR     .....                    (no amulet)
Stlth  +.........               (no ring)
                                (no ring)

@: heroism, not resistant to hostile enchantments, very unstealthy
A: negative energy resistance 1, electricity resistance, unbreathing,
petrification resistance, rot immunity, AC +5
a: Heroism, Renounce Religion


You were in the Dungeon.
You worshipped Okawaru.
Okawaru was pleased with you.
You were not hungry.

You visited 1 branch You collected 21 gold pieces.

Inventory:

Hand weapons
 a - a +0 flail (weapon)
Armour
 b - a +0 scale mail (worn)
 c - a +1 shield (worn)
Magical devices
 l - a wand of magic darts (4)
Scrolls
 k - a scroll of blinking
 m - a scroll of immolation
Potions
 i - 2 potions of magic
 q - a potion of brilliance
 r - a potion of lignification {unknown}
 v - a potion of cure mutation
 w - a potion of flight {unknown}
Books
 h - a book of Frost

   Spells                             Type                      Level
   a - Freeze                         Ice                          1
   b - Throw Frost                    Conjuration/Ice              2
   c - Ozocubu's Armour               Charms/Ice                   3
   d - Throw Icicle                   Conjuration/Ice              4
   e - Summon Ice Beast               Ice/Summoning                4
   f - Condensation Shield            Ice                          4
 j - a book of Death

   Spells                             Type                      Level
   a - Corpse Rot                     Necromancy                   2
   b - Sublimation of Blood           Necromancy                   2
   c - Agony                          Necromancy                   5
   d - Dispel Undead                  Necromancy                   5
   e - Excruciating Wounds            Charms/Necromancy            5
   f - Bolt of Draining               Conjuration/Necromancy       5
Comestibles
 d - a royal jelly
 e - a bread ration
 p - 3 fruits


   Skills:
 + Level 12.3(17.3) Fighting
 + Level 11.2(16.2) Maces & Flails
 + Level 12.3(17.3) Armour
 + Level 12.3(17.3) Shields


You had 8 spell levels left.
You didn't know any spells.

Dungeon Overview and Level Annotations

Branches:
Dungeon (1/1)

Altars:
Cheibriados
Dithmenos
Elyvilon
Fedhas
Gozag
Kikubaaqudgha
Makhleb
Nemelex Xobeh
Okawaru
Qazlal
Ru
Sif Muna
Trog
Vehumet
Xom
Yredelemnul
Zin
The Shining One
Jiyva
Lugonu

Annotations:
D Snorg


Innate Abilities, Weirdness & Mutations

You are resistant to torment.
Your stone body is resilient (AC +5).
You are immune to poison.
You resist negative energy.
You are resistant to electric shocks.
You can survive without breathing.
You are immune to petrification.
You are immune to rotting.


Message History

You thump the spiny frog!
The spiny frog is heavily wounded.
The spiny frog stings you. You block the spiny frog's attack.
You bludgeon the spiny frog!!
You kill the spiny frog!
Okawaru is honoured by your kill.
The komodo dragon hisses menacingly.
You block the spiny frog's attack.
You hit the komodo dragon.
The komodo dragon is lightly wounded.
The komodo dragon closely misses you.
You hit the komodo dragon but do no damage.
The komodo dragon is lightly wounded.
The spiny frog stings you but does no damage.
You hit the spiny frog but do no damage.
You block the spiny frog's attack. You block the komodo dragon's attack.
You barely miss the spiny frog. The spiny frog stings you.
* * * LOW HITPOINT WARNING * * *
The komodo dragon bites you!!
You die...

#...'.⌠........# #...#...######'#
....#.⌠.#__#...#+################
....#...#__#...#..≈§§+.#))...+.#.
....#)###__#...#.#§§≈#.#(#...##.#
....#...#__#...+.#.§.#.#.#...#.#.
....#___#_.+...#.#§T§#...#...##.#
▓▓▓▓▓▓▓▓▓▓▓▓▓▓▓▓▓▓▓▓▓▓▓▓▓▓▓▓▓#.#.
♣≈≈≈F@......≈≈≈...##.#
♣'♣≈≈l≈≈≈≈≈≈≈≈≈♣♣P.+.#.
.≈♣♣♣♣♣♣♣♣♣♣♣♣♣♣♣♣PP##.# #..
♣♣♣##+# ##


You could see a komodo dragon and a spiny frog.

Vanquished Creatures
  A centaur warrior (D)
  A spiny frog (D)
  A deep elf priest (D)
  3 wandering mushrooms (D)
  A shadow (D)
  A spatial vortex (D)
  A necrophage (D)
  2 centaurs (D)
  An earth elemental (D)
  A water elemental (D)
  A jelly (D)
  A wizard (D)
  A necromancer (D)
  A wolf (D)
  A kobold demonologist (D)
  3 humans (D)
  4 rats (D)
25 creatures vanquished.

Vanquished Creatures (others)
  2 draconian scorchers (D)
  A yaktaur (D)
3 creatures vanquished.

Grand Total: 28 creatures vanquished

Notes
Turn   | Place    | Note
--------------------------------------------------------------
     0 | D        | nuthulu the Gargoyle Fighter began the quest for the Orb.
     0 | D        | Reached XP level 1. HP: 14/14 MP: 1/1
    19 | D        | Killed a yaktaur
    52 | D        | Noticed a wolf
    64 | D        | HP: 1/21 [human (3)]
    65 | D        | Killed a wolf
    65 | D        | Reached skill level 4 in Fighting
    65 | D        | Reached XP level 2. HP: 1/20 MP: 2/2
    75 | D        | Reached XP level 3. HP: 2/25 MP: 3/3
   109 | D        | Killed a white draconian scorcher
   145 | D        | Killed a white draconian scorcher
   275 | D        | Gained mutation: You have a pair of small horns on your head. [potion of mutation]
   275 | D        | Gained mutation: You have sharp toenails. [potion of mutation]
   275 | D        | Gained mutation: Armour fits poorly on your strangely shaped body. [potion of mutation]
   276 | D        | Gained mutation: You can breathe flames. [potion of mutation]
   276 | D        | Gained mutation: Your spells are a little harder to cast, but a little more powerful. [potion of mutation]
   277 | D        | Lost mutation: Armour fits poorly on your strangely shaped body. [potion of cure mutation]
   277 | D        | Lost mutation: You have a pair of small horns on your head. [potion of cure mutation]
   277 | D        | Lost mutation: Your spells are a little harder to cast, but a little more powerful. [potion of cure mutation]
   277 | D        | Lost mutation: You can breathe flames. [potion of cure mutation]
   277 | D        | Lost mutation: You have sharp toenails. [potion of cure mutation]
   343 | D        | Noticed a water elemental
   363 | D        | HP: 1/25 [water elemental (15)]
   369 | D        | Killed a water elemental
   369 | D        | Reached skill level 5 in Fighting
   369 | D        | Reached skill level 5 in Armour
   369 | D        | Reached skill level 5 in Shields
   369 | D        | Reached XP level 4. HP: 1/32 MP: 4/4
   690 | D        | Found an iron altar of Okawaru.
   690 | D        | Found a bloodstained altar of Trog.
   690 | D        | Noticed a human
   691 | D        | Noticed a human
   725 | D        | Killed a human
   725 | D        | Reached skill level 7 in Fighting
   725 | D        | Reached XP level 5. HP: 24/38 MP: 5/5
   725 | D        | Reached XP level 6. HP: 27/44 MP: 6/6
   735 | D        | Killed a human
   735 | D        | Reached skill level 8 in Fighting
   883 | D        | Became a worshipper of Warmaster Okawaru
   891 | D        | Found a radiant altar of Vehumet.
   891 | D        | Found a deep blue altar of Sif Muna.
   891 | D        | Found an ancient bone altar of Kikubaaqudgha.
   891 | D        | Noticed a wizard
   894 | D        | Killed a wizard
   896 | D        | Reached XP level 7. HP: 45/50 MP: 7/7
   934 | D        | Found a basalt altar of Yredelemnul.
   934 | D        | Found a snail-covered altar of Cheibriados.
   934 | D        | Found a blossoming altar of Fedhas.
   934 | D        | Noticed a necrophage
   934 | D        | Noticed a necromancer
   940 | D        | Killed a necromancer
   947 | D        | Killed a necrophage
   947 | D        | Reached skill level 9 in Fighting
   958 | D        | Found a glowing silver altar of Zin.
   958 | D        | Found a glowing golden altar of the Shining One.
   958 | D        | Found a white marble altar of Elyvilon.
   959 | D        | Noticed a deep elf priest
   994 | D        | Killed a deep elf priest
   994 | D        | Acquired Okawaru's first power
  1239 | D        | Noticed a jelly
  1247 | D        | Killed a jelly
  1298 | D        | Noticed a shadow
  1304 | D        | Killed a shadow
  1304 | D        | Reached skill level 10 in Fighting
  1304 | D        | Reached skill level 10 in Armour
  1304 | D        | Reached skill level 10 in Shields
  1304 | D        | Reached XP level 8. HP: 55/57 MP: 5/8
  1314 | D        | Found a stormy altar of Qazlal.
  1314 | D        | Found a sacrificial altar of Ru.
  1314 | D        | Found a burning altar of Makhleb.
  1314 | D        | Found a shimmering altar of Xom.
  1315 | D        | Found a viscous altar of Jiyva.
  1315 | D        | Found a shadowy altar of Dithmenos.
  1315 | D        | Found a sparkling altar of Nemelex Xobeh.
  1315 | D        | Found a corrupted altar of Lugonu.
  1315 | D        | Found an opulent altar of Gozag.
  1315 | D        | Noticed a spatial vortex
  1329 | D        | Killed a spatial vortex
  1350 | D        | Noticed Snorg
  1354 | D        | Noticed an earth elemental
  1367 | D        | Killed an earth elemental
  1438 | D        | Noticed a centaur
  1438 | D        | Noticed a centaur warrior
  1438 | D        | Noticed a centaur
  1450 | D        | Killed a centaur warrior
  1450 | D        | Reached skill level 11 in Fighting
  1450 | D        | Reached skill level 10 in Maces & Flails
  1450 | D        | Reached XP level 9. HP: 32/64 MP: 9/9
  1456 | D        | Killed a centaur
  1458 | D        | Killed a centaur
  1638 | D        | Noticed a wandering mushroom
  1663 | D        | Noticed a wandering mushroom
  1665 | D        | Noticed a wandering mushroom
  1675 | D        | Killed a wandering mushroom
  1749 | D        | Killed a wandering mushroom
  1749 | D        | Reached skill level 12 in Fighting
  1761 | D        | Killed a wandering mushroom
  1859 | D        | Noticed a spiny frog
  1859 | D        | Noticed a komodo dragon
  1859 | D        | Noticed a spiny frog
  1874 | D        | Killed a spiny frog
  1878 | D        | Slain by a komodo dragon

Vault maps used:
D:        dungeon_sprint_mu

Action                   |  1- 3 |  4- 6 |  7- 9 || total
-------------------------+-------+-------+-------++-------
Melee: Flail             |    40 |    20 |   122 ||   182
Invok: Heroism           |       |       |     3 ||     3
Evoke: Wand              |       |       |     2 ||     2
  Use: Potion            |     5 |     1 |     2 ||     8
       Scroll            |     2 |       |     4 ||     6
  Eat: Meat ration       |       |     1 |       ||     1
